 Dungeon Crawl Stone Soup version 0.31-a0-851-g7ff8af7976 (webtiles) character file.

Game seed: 9696368548216236036

24 jasper the Magician (level 2, 0/15 HPs)
             Began as a Deep Elf Hedge Wizard on Oct 7, 2023.
             Slain by an adder (2 damage)
             ... on level 1 of the Dungeon.
             The game lasted 00:02:18 (867 turns).

jasper the Magician (Deep Elf Hedge Wizard)          Turns: 867, Time: 00:02:18

Health: 0/15       AC:  3    Str:  7    XL:     2   Next: 79%
Magic:  6/10       EV: 12    Int: 18    God:
Gold:   73         SH:  0    Dex: 14    Spells: 4/11 levels left

rFire   . . .        f - +1 mace
rCold   . . .        (no shield)
rNeg    . . .        b - +0 robe
rPois   .            c - +0 hat
rElec   .            (no cloak)
rCorr   .            g - +0 pair of gloves
SInv    .            (no boots)
Will    .....        (no amulet)
Stlth   ++           (no ring)
HPRegen 0.22/turn    (no ring)
MPRegen 0.12/turn

%: no passive effects
@: lethally poisoned (0 -> -4)
A: no striking features
a: no special abilities


You were on level 1 of the Dungeon.
You visited 1 branch of the dungeon, and saw 2 of its levels.

You collected 73 gold pieces.

Inventory:

Hand Weapons
 a - a +0 dagger
 f - a +1 mace (weapon)
Missiles
 e - 9 stones
Armour
 b - a +0 robe (worn)
 c - a +0 hat (worn)
 g - a +0 pair of gloves (worn)
Potions
 d - a potion of magic


   Skills:
 - Level 2.4 Dodging
 - Level 2.4 Stealth
 + Level 5.1 Spellcasting
 + Level 2.3 Conjurations
 - Level 1.1 Summonings
 - Level 1.1 Translocations


You had 4 spell levels left.
You knew the following spells:

 Your Spells              Type           Power      Damage    Failure   Level
a - Magic Dart            Conj           52%        1d5       4%          1
b - Call Imp              Summ           16%        N/A       13%         2
c - Blink                 Tloc           16%        N/A       13%         2
d - Cigotuvi's Dreadful   Necr/Pois/Air  8%         N/A       21%         2

Your spell library contained the following spells:

 Spells                   Type           Power      Damage    Failure   Level
 Slow                     Hex            16%        N/A       13%         1
 Mephitic Cloud           Conj/Pois/Air  7%         N/A       28%         3
 Inner Flame              Hex/Fire       4%         N/A       36%         3
 Flame Wave               Conj/Fire      8%         2d5       63%         4
 Sticky Flame             Conj/Fire      8%         2d3       63%         4


Dungeon Overview and Level Annotations

Branches:
Dungeon (2/15)

Altars:


Message History

Your cerulean imp barely misses the hobgoblin.
The hobgoblin hits your cerulean imp. The dart slug launches a dart at you.
The slug dart misses your cerulean imp.
The slug dart hits the hobgoblin.
The hobgoblin barely misses your cerulean imp.
Your cerulean imp hits the hobgoblin with a -4 spear.
The hobgoblin dies!
The hobgoblin misses your cerulean imp.
Your cerulean imp completely misses the hobgoblin.
The adder attacks as it pursues you! The adder closely misses you.
The hobgoblin misses your cerulean imp.
Your cerulean imp hits the hobgoblin with a -4 spear.
The adder attacks as it pursues you! The adder bites you.
You are poisoned.
The adder poisons you!
The hobgoblin misses something.
You take 1 damage, and have 14/15 hp.
You feel sick. The adder misses you.
You take 1 damage, and have 13/15 hp.
You feel sick. The adder attacks as it pursues you! The adder bites you.
You are more poisoned.
The adder poisons you!
You take 2 damage, and have 11/15 hp.
You feel sick. The adder attacks as it pursues you!
The adder barely misses you.
There is a stone staircase leading up here.
You take 2 damage, and have 9/15 hp.
You feel sick. The adder bites you.
You are lethally poisoned!
The adder poisons you!
You climb upwards.
* * * LOW HITPOINT WARNING * * *
You feel very sick.
There is a stone staircase leading down here.
You take 5 damage, and have 4/15 hp.
MASSIVE DAMAGE!!
Casting: Magic Dart (safe; 4% risk of failure)
Confirm with . or Enter, or press ? or * to list all spells.
A tiny devil pulls itself out of the air.
* * * LOW HITPOINT WARNING * * *
You feel sick. The adder closely misses you. The adder bites you.
You die...

#### #..# #..#######
##.......### ###.###...#
#.#####.##### #####
#..#.........
#...############...........
#........S@5.#####.........
#...########.....#.........
###.############.#.........
#..........................
#......#########...........
###.##....########.........
#.###....................
#.# #...##########.......
#.###.#...### ##.#.....


You could see an adder (ally target) and a friendly cerulean imp (summoned).

Vanquished Creatures
  3 dart slugs
  3 endoplasms (D:1)
  A giant cockroach (D:1)
  A hobgoblin (D:1)
  2 kobolds (D:1)
  A ball python (D:1)
  A bat (D:1)
  2 frilled lizards (D:1)
  A goblin (D:1)
  A rat (D:1)
16 creatures vanquished.

Vanquished Creatures (collateral kills)
  A hobgoblin (D:2)
  2 kobolds (D:1)
3 creatures vanquished.

Grand Total: 19 creatures vanquished

Notes
Turn   | Place    | Note
-------+----------+-------------------------------------------
     0 | D:1      | jasper the Deep Elf Hedge Wizard began the quest for the
                  | Orb.
     0 | D:1      | Reached XP level 1. HP: 10/10 MP: 7/7
   252 | D:1      | Reached XP level 2. HP: 15/15 MP: 5/9
   267 | D:1      | Learned a level 2 spell: Call Imp
   281 | D:1      | Learned a level 2 spell: Blink
   284 | D:1      | Learned a level 2 spell: Cigotuvi's Dreadful Rot
   589 | D:1      | Reached skill level 5 in Spellcasting
   867 | D:1      | Slain by an adder

Illustrated notes

Levels and vault maps discovered:
D:1:      ncdulo_watergridlock, layout_rooms
D:2:      layout_rooms, chequers_serial_rivers_small_b

Skill      XL: |  1  2 |
---------------+-------+-----
Conjurations   | 2 |  2.3
Spellcasting   | 5 |  5.1
Dodging        | |  2.4
Stealth        | |  2.4
Summonings     | |  1.1
Translocations | |  1.1

Action                     || total
---------------------------++-------
  Melee: Mace              ||    11
   Cast: Magic Dart        ||    39
         Call Imp          ||     4
    Use: Scroll            ||     2
 Armour: Robe              ||    16
  Dodge: Dodged            ||    22

Table legend: (Time is in decaauts)
 A = Elapsed time spent in this place.
 B = Non-inter-level travel time spent in this place.
 C = Inter-level travel time spent in this place.
 D = Time resting spent in this place.
 E = Time spent auto-exploring this place.
 F = Levels seen in this place.
 G = Mean time per level.
                   A        B        C        D        E       F      G
               +--------+--------+--------+--------+--------+-----+--------+
         Total |    872 |    841 |     31 |    100 |    586 |   2 |  436.0 |
       Dungeon |    872 |    841 |     31 |    100 |    586 |   2 |  436.0 |
               +--------+--------+--------+--------+--------+-----+--------+

Top non-repeatable levels by time:
     D:1: 817 daAuts
     D:2: 55 daAuts
